 Dungeon Crawl Stone Soup version 0.29.1-1-gd02db6906a (webtiles) character file.

Game seed: 8032813529755070524

1192 dave1331 the Slasher (level 8, -3/61 HPs)
             Began as a Demonspawn Fighter on Oct 2, 2022.
             Was an Initiate of Yredelemnul.
             Slain by Pikel
             ... wielding a +0 whip of flaming
              (7 damage)
             ... on level 5 of the Dungeon.
             The game lasted 00:13:24 (4738 turns).

dave1331 the Slasher (Demonspawn Fighter)           Turns: 4738, Time: 00:13:25

Health: -3/61      AC:  8    Str: 23    XL:     8   Next: 20%
Magic:  8/8        EV: 15    Int: 11    God:    Yredelemnul [......]
Gold:   246        SH:  5    Dex: 13    Spells: 7/7 levels left

rFire   . . .      SeeInvis +   p - +6 long sword of Righteous Anger {vorpal, rN++ Str+4 Int+2 SInv}
rCold   . . .      Faith    .   c - +0 buckler
rNeg    + + .      Spirit   .   s - +1 ring mail {Will+}
rPois   .          Reflect  .   (no helmet)
rElec   .          Harm     .   (no cloak)
rCorr   .          Rampage  .   i - +0 pair of gloves
Will    +....                   (no boots)
Stlth   +.........              (no amulet)
HPRegen 0.20/turn               e - +4 ring of evasion
MPRegen 0.11/turn               w - ring of see invisible

@: about to teleport
A: claws 1, powered by death 3
a: Renounce Religion, Recall Undead Harvest


You were on level 5 of the Dungeon.
You worshipped Yredelemnul.
Yredelemnul was noncommittal.
You visited 1 branch of the dungeon, and saw 5 of its levels.

You collected 246 gold pieces.

Inventory:

Hand Weapons
 a - a +0 war axe
 p - the +6 long sword of Righteous Anger (weapon) {vorpal, rN++ Str+4 Int+2 SInv}
   (You found it on level 3 of the Dungeon)

   It inflicts extra damage upon your enemies.
   Str:       It affects your strength (+4).
   Int:       It affects your intelligence (+2).
   rN:        It greatly protects you from negative energy.
   SInv:      It lets you see invisible.
Armour
 b - a +1 scale mail
 c - a +0 buckler (worn)
 i - a +0 pair of gloves (worn)
 s - a +1 ring mail of willpower (worn)
Jewellery
 e - a +4 ring of evasion (left hand)
 w - a ring of see invisible (right hand)
 y - a ring of flight
Scrolls
 g - a scroll of identify
 q - a scroll of immolation {unknown}
 u - a scroll of vulnerability {unknown}
 v - a scroll of butterflies
Potions
 d - a potion of might
 f - 2 potions of haste
 h - 2 potions of attraction
 j - 2 potions of heal wounds
 l - a potion of flight {unknown}
 m - a potion of lignification {unknown}
 n - a potion of degeneration {unknown}
 o - 2 potions of resistance {unknown}
 r - a potion of ambrosia {unknown}
 t - a potion of curing
 x - a potion of mutation {unknown}


   Skills:
 + Level 4.6 Fighting
 + Level 5.1 Long Blades
 + Level 3.7 Axes
 + Level 4.8 Armour
 + Level 1.8 Dodging
 + Level 1.1 Stealth
 + Level 3.7 Shields


You had 7 spell levels left.
You didn't know any spells.
Your spell library contained the following spells:

 Spells                   Type           Power      Damage    Failure   Level
 Foxfire                  Conj/Fire      0%         2x1d4     56%         1
 Slow                     Hex            0%         N/A       56%         1
 Confusing Touch          Hex            0%         N/A       91%         3
 Conjure Flame            Conj/Fire      0%         6-21      91%         3
 Inner Flame              Hex/Fire       0%         N/A       91%         3
 Ozocubu's Armour         Ice            0%         N/A       91%         3
 Vampiric Draining        Necr           0%         2d6       91%         3
 Flame Wave               Conj/Fire      0%         2d4       100%        4
 Ozocubu's Refrigeration  Ice            0%         4d7       100%        7


Dungeon Overview and Level Annotations

Branches:
Dungeon (5/15)
 Temple: D:4-7

Altars:
Dithmenos
Yredelemnul

Shops:
D:1 *   D:4 *

Annotations:
D:5 Pikel


Innate Abilities, Weirdness & Mutations

You have sharp fingernails.
You regenerate a lot of health from kills.


Message History

Pikel hits you with a +0 whip of flaming!
Pikel burns you. You block the lemure's attack.
You barely miss Pikel.
Pikel is moderately wounded.
Pikel barely misses you. The lemure hits you.
The lemure hits you but does no damage.
You hit Pikel but do no damage.
Pikel is moderately wounded.
Pikel hits you with a +0 whip of flaming.
Pikel burns you. The lemure hits you! The lemure hits you but does no damage.
You closely miss Pikel.
Pikel is moderately wounded.
Pikel closely misses you. The lemure hits you but does no damage.
You block the lemure's attack.
You hit Pikel.
Pikel is heavily wounded.
Pikel misses you. The lemure completely misses you. The lemure hits you.
* * * LOW HITPOINT WARNING * * *
You slash Pikel!
Pikel is severely wounded.
Pikel closely misses you. The lemure closely misses you.
The lemure barely misses you.
You closely miss Pikel.
Pikel is severely wounded.
Pikel hits you with a +0 whip of flaming.
* * * LOW HITPOINT WARNING * * *
Pikel burns you.
* * * LOW HITPOINT WARNING * * *
The lemure hits you.
* * * LOW HITPOINT WARNING * * *
The lemure hits you.
* * * LOW HITPOINT WARNING * * *
As you read the scroll of teleportation, it crumbles to dust.
You feel strangely unstable. You block Pikel's attack. The lemure hits you.
* * * LOW HITPOINT WARNING * * *
The lemure barely misses you. Pikel attacks as you move away!
Pikel hits you with a +0 whip of flaming!
You die...
Your body rises from the dead as a mindless zombie.

.######..ZZ......#.####55K#######
..........#...####.####..5#######
.................Z.......5.......
..........###......#.####........
5.######### ######...# #........
..# ##..# #........ ..#
##############.# #....####
..#####............#... #....####
.....##.........@..#.##.#....#..5
.....##........5K5.# #....#...
.....##.................#....#...
...)))....######'##.##..#....#...
..........#####... .# # #...
.............##.## .. #...
.............##.# ### #...
#########....##.# #..# #....##.#


You could see Pikel and 2 lemures.

Vanquished Creatures
  Sigmund (D:4)
  A water moccasin (D:5)
  A sky beast (D:5)
  An ice beast (D:4)
  A lemure (D:5)
  A phantom (D:5)
  A necrophage (D:4)
  A scorpion (D:4)
  An orc priest (D:5)
  4 hounds
  2 iguanas (D:5)
  An orc wizard (D:5)
  3 river rats (D:4)
  10 adders
  An ufetubus (D:4)
  A worm (D:3)
  A dart slug (D:4)
  11 orcs
  8 ball pythons
  3 bats
  8 endoplasms
  4 giant cockroaches
  9 goblins
  5 hobgoblins
  4 jackals
  5 quokkas
  2 frilled lizards
  4 kobolds
  8 rats
103 creatures vanquished.

Vanquished Creatures (collateral kills)
  A scorpion (D:5)
  An orc priest (D:5)
  A dart slug (D:4)
  An orc (D:5)
  A goblin (D:4)
  A kobold (D:4)
6 creatures vanquished.

Vanquished Creatures (others)
  A water moccasin zombie (D:5)
  An adder zombie (D:4)
  A ball python zombie (D:4)
  4 orc zombies (D:5)
7 creatures vanquished.

Grand Total: 116 creatures vanquished

Notes
Turn   | Place    | Note
-------+----------+-------------------------------------------
     0 | D:1      | dave1331 the Demonspawn Fighter began the quest for the
                  | Orb.
     0 | D:1      | Reached XP level 1. HP: 18/18 MP: 1/1
   171 | D:1      | Found Kotaal Meaz's Assorted Antiques.
   200 | D:1      | Noticed an eye of devastation
   387 | D:1      | Noticed a great orb of eyes
   407 | D:1      | Gained mutation: You regenerate a little health from kills.
                  | [demonic ancestry]
   407 | D:1      | Reached XP level 2. HP: 20/24 MP: 2/2
   407 | D:1      | Noticed an eye of devastation
   434 | D:1      | Found a faded altar of an unknown god.
   539 | D:1      | Noticed an eye of devastation
   922 | D:2      | Gained mutation: You have sharp fingernails. [demonic
                  | ancestry]
   922 | D:2      | Reached XP level 3. HP: 29/29 MP: 3/3
  1110 | D:2      | You fall into a shaft and drop 1 floor!
  1394 | D:3      | Reached XP level 4. HP: 31/35 MP: 4/4
  1600 | D:3      | Found a basalt altar of Yredelemnul.
  1602 | D:3      | Found a shadowy altar of Dithmenos.
  1612 | D:3      | Became a worshipper of Yredelemnul the Dark
  1646 | D:3      | Identified the +6 long sword of Righteous Anger {vorpal,
                  | rN++ Str+4 Int+2 SInv}
  1977 | D:3      | Reached * piety under Yredelemnul
  2500 | D:4      | Noticed an ice beast
  2524 | D:4      | Killed an ice beast
  2525 | D:4      | Reached skill level 1 in Long Blades
  2525 | D:4      | Reached XP level 5. HP: 23/41 MP: 5/5
  2661 | D:4      | Reached skill level 1 in Dodging
  2735 | D:4      | Found Eqiaru Piall's Overcharged Wands.
  2748 | D:4      | Reached skill level 2 in Long Blades
  2748 | D:4      | Gained mutation: You regenerate health from kills. [demonic
                  | ancestry]
  2748 | D:4      | Reached XP level 6. HP: 36/48 MP: 6/6
  3017 | D:4      | Noticed Sigmund
  3024 | D:4      | Killed Sigmund
  3176 | D:4      | Reached skill level 3 in Long Blades
  3191 | D:4      | Reached ** piety under Yredelemnul
  3195 | D:4      | Reached XP level 7. HP: 53/54 MP: 7/7
  3379 | D:4      | Reached *** piety under Yredelemnul
  3601 | D:5      | Entered Level 5 of the Dungeon
  3620 | D:5      | Reached skill level 1 in Stealth
  3647 | D:5      | Reached skill level 4 in Long Blades
  3708 | D:5      | Gained mutation: You regenerate a lot of health from kills.
                  | [demonic ancestry]
  3708 | D:5      | Reached XP level 8. HP: 28/61 MP: 8/8
  3997 | D:5      | Reached skill level 5 in Long Blades
  4151 | D:5      | Noticed Pikel
  4183 | D:5      | HP: 3/61 [Pikel/+0 whip of flaming (9)]
  4183 | D:5      | HP: 1/61 [lemure[Pikel] (1)]
  4738 | D:5      | Slain by Pikel

Illustrated notes

Levels and vault maps discovered:
D:1:      scummos_arrival_simple_fountains, layout_rooms, serial_shops,
          shop_fountains, hellmonk_ecumenical_altar_watching_god,
          chequers_serial_rivers_room_b, chequers_serial_rivers_marsh,
          minmay_surrounded
D:2:      minmay_evil_eye, layout_basic, uniq_natasha
D:3:      kennysheep_six_static_rooms, layout_loops_cross,
          chequers_temple_overflow_statue_of_worship, minmay_door_square,
          dk_noncrumbling_3
D:4:      layout_loops_ring, portal_sewer_entry_b,
          nicolae_shop_overcharged_wands, uniq_sigmund
D:5:      layout_basic, mainiacjoe_overflow_24_doors, uniq_pikel

Skill      XL: |  1  2  3  4  5  6  7  8 |
---------------+-------------------------+-----
Armour         | 3 4 |  4.8
Axes           | 2 3 |  3.7
Shields        | 3 |  3.7
Long Blades    | 1 2 3 4 5 |  5.1
Dodging        | 1 |  1.8
Fighting       | 4 |  4.6
Stealth        | 1 |  1.1

Action                   |  1- 3 |  4- 6 |  7- 9 || total
-------------------------+-------+-------+-------++-------
Melee: War axe           |   135 |    32 |       ||   167
       Long sword        |       |    61 |   106 ||   167
  Use: Scroll            |     3 |       |     7 ||    10
 Stab: Distracted        |       |     1 |       ||     1
Armor: Scale mail        |    78 |    27 |       ||   105
       Ring mail         |       |    20 |    41 ||    61
Dodge: Dodged            |    71 |    53 |   117 ||   241
Block: Buckler           |    39 |    20 |    34 ||    93
